[Event "Lueneburg Open-A 2019"]
[Site "Lueneburg"]
[Date "2019.08.10"]
[Round "8.5"]
[White "Sriram, Jha"]
[Black "Hommer, Jeremy"]
[Result "1-0"]
[ECO "A84"]
[WhiteElo "2381"]
[BlackElo "2083"]
[Annotator "NA"]
[PlyCount "93"]
[EventDate "2019.08.03"]
[EventType "swiss"]
[EventCountry "GER"]
[SourceTitle "playchess.com"]
[Source "ChessBase"]
[SourceQuality "1"]
[TimeControl "40/5400+30:1800+30"]

1. Nf3 e6 2. g3 b6 3. Bg2 Bb7 4. O-O f5 5. d4 Nf6 6. c4 Be7 7. Nc3 O-O 8. d5 Na6 9. Nd4 Bc5 10. Nb3 e5 11. Nxc5 Nxc5 12. b4 Na6 13. Rb1 d6 14. Qc2 g6 15. e4 Bc8 16. Bg5 Nb8 17. c5 bxc5 18. bxc5 Nbd7 19. exf5 gxf5 20. cxd6 cxd6 21. Bh6 Rf7 22. Qxf5 Nc5 23. Qg5+ Kh8 24. f4 Ba6 25. fxe5 dxe5 26. d6 Bxf1 27. Bxa8 Bc4 28. Bd5 Bxd5 29. Nxd5 Ncd7 30. Rf1 e4 31. Kg2 e3 32. Nxe3 Qa8+ 33. Kg1 Ne4 34. Qg4 Ne5 35. Rxf7 Nxg4 36. Nxg4 Kg8 37. Rg7+ Kh8 38. Ne5 Nxd6 39. Nf7+ Nxf7 40. Rxf7 Kg8 41. Rf8+ Qxf8 42. Bxf8 Kxf8 43. Kf2 h5 44. Ke3 Ke7 45. Kf4 Kf6 46. h4 Kg6 47. Ke4 1-0

[Event "Lueneburg Open-A 2019"]
[Site "Lueneburg"]
[Date "2019.08.10"]
[Round "8.6"]
[White "Colpe, Malte"]
[Black "Jurkic, Bosiljko"]
[Result "1-0"]
[ECO "D36"]
[WhiteElo "2367"]
[BlackElo "2046"]
[Annotator "NA"]
[PlyCount "57"]
[EventDate "2019.08.03"]
[EventType "swiss"]
[EventCountry "GER"]
[SourceTitle "playchess.com"]
[Source "ChessBase"]
[SourceQuality "1"]
[TimeControl "40/5400+30:1800+30"]

1. d4 Nf6 2. c4 e6 3. Nc3 d5 4. cxd5 exd5 5. Bg5 Be7 6. e3 c6 7. Bd3 O-O 8. Qc2 Nbd7 9. h3 Re8 10. Bf4 Nf8 11. Nf3 h6 12. O-O-O Be6 13. Kb1 N8d7 14. g4 c5 15. Rhg1 c4 16. Bf5 Nf8 17. h4 Qc8 18. Ne5 a6 19. f3 b5 20. e4 Rd8 21. g5 hxg5 22. hxg5 Nh5 23. Be3 Qb7 24. g6 f6 25. Bxe6+ Nxe6 26. Qh2 fxe5 27. Qxh5 Bb4 28. Rh1 Kf8 29. Qf5+ 1-0

[Event "Lueneburg Open-A 2019"]
[Site "Lueneburg"]
[Date "2019.08.10"]
[Round "8.7"]
[White "Lubbe, Melanie"]
[Black "Kolbus, Dietmar"]
[Result "0-1"]
[ECO "B84"]
[WhiteElo "2258"]
[BlackElo "2281"]
[Annotator "NA"]
[PlyCount "114"]
[EventDate "2019.08.03"]
[EventType "swiss"]
[EventCountry "GER"]
[SourceTitle "playchess.com"]
[Source "ChessBase"]
[SourceQuality "1"]
[TimeControl "40/5400+30:1800+30"]

1. e4 c5 2. Nf3 d6 3. d4 cxd4 4. Nxd4 Nf6 5. Nc3 a6 6. Be3 e6 7. Be2 Nbd7 8. f4 Qc7 9. O-O b5 10. a3 Bb7 11. Bd3 Be7 12. Qf3 Nc5 13. Rae1 O-O 14. g4 d5 15. e5 Nfe4 16. Bxe4 Nxe4 17. Nxe4 dxe4 18. Qg3 Rad8 19. c3 Bd5 20. f5 f6 21. fxe6 fxe5 22. Rf5 Bd6 23. Rxf8+ Rxf8 24. Nf5 Bxe6 25. Rf1 Bxf5 26. gxf5 Bc5 27. Bxc5 Qxc5+ 28. Kh1 Qd5 29. Kg1 Rf6 30. Rf2 g6 31. h4 Qf7 32. Qxe5 Rxf5 33. Rxf5 Qxf5 34. Qe7 Qf4 35. h5 Qc1+ 36. Kf2 Qd2+ 37. Kg3 Qe3+ 38. Kg2 Qf3+ 39. Kg1 gxh5 40. Qe8+ Kg7 41. Kh2 Qf2+ 42. Kh1 Qf5 43. b3 Kh6 44. c4 bxc4 45. Qc6+ Kg5 46. Qxc4 h4 47. Qg8+ Kf4 48. Kh2 Ke3 49. Qh8 Qf2+ 50. Kh1 Kd3 51. Qxh7 Qf3+ 52. Kh2 h3 53. Qd7+ Kc2 54. Qc8+ Kb2 55. Qh8+ Ka2 56. Qg8 Kxa3 57. b4 Qg2+ 0-1

[Event "Lueneburg Open-A 2019"]
[Site "Lueneburg"]
[Date "2019.08.10"]
[Round "8.8"]
[White "Weishaeutel, Moritz"]
[Black "Wachinger, David"]
[Result "0-1"]
[ECO "B94"]
[WhiteElo "2276"]
[BlackElo "2045"]
[Annotator "NA"]
[PlyCount "94"]
[EventDate "2019.08.03"]
[EventType "swiss"]
[EventCountry "GER"]
[SourceTitle "playchess.com"]
[Source "ChessBase"]
[SourceQuality "1"]
[TimeControl "40/5400+30:1800+30"]

1. e4 c5 2. Nf3 d6 3. d4 cxd4 4. Nxd4 Nf6 5. Nc3 a6 6. Bg5 Nbd7 7. Qe2 h6 8. Bh4 g6 9. f4 e5 10. fxe5 dxe5 11. O-O-O Qc7 12. Nb3 b5 13. Nd5 Nxd5 14. exd5 Bd6 15. Qd2 f5 16. g4 f4 17. Bd3 Kf7 18. g5 h5 19. Bf2 b4 20. Qe2 Nb6 21. Rde1 Bg4 22. Qf1 Rac8 23. Be4 Nc4 24. Qd3 Rhg8 25. Kb1 a5 26. Nd2 Bd7 27. Nxc4 Qxc4 28. Qxc4 Rxc4 29. Bd3 Rcc8 30. Rc1 Bf5 31. Bxf5 gxf5 32. h4 Bc5 33. Bxc5 Rxc5 34. Rhd1 Rd8 35. c4 bxc3 36. d6 e4 37. bxc3 f3 38. Kc2 e3 39. Rf1 f2 40. Kd3 Re5 41. Ke2 Rxd6 42. Rfd1 Rxd1 43. Rxd1 f4 44. Rb1 Rd5 45. Kf3 Rb5 46. Rc1 Rb2 47. a4 Rc2 0-1

[Event "Lueneburg Open-A 2019"]
[Site "Lueneburg"]
[Date "2019.08.10"]
[Round "8.9"]
[White "Chennaoui, Yasin"]
[Black "Poeck, Ole"]
[Result "0-1"]
[ECO "A25"]
[WhiteElo "2092"]
[BlackElo "2259"]
[Annotator "NA"]
[PlyCount "158"]
[EventDate "2019.08.03"]
[EventType "swiss"]
[EventCountry "GER"]
[SourceTitle "playchess.com"]
[Source "ChessBase"]
[SourceQuality "1"]
[TimeControl "40/5400+30:1800+30"]

1. g3 e5 2. c4 Nc6 3. Bg2 g6 4. Nc3 Bg7 5. e3 d6 6. Nge2 h5 7. h3 h4 8. g4 f5 9. gxf5 Bxf5 10. e4 Be6 11. d3 Qd7 12. Bg5 Bf6 13. Qd2 O-O-O 14. O-O-O Rf8 15. f4 Bxg5 16. fxg5 Qd8 17. Rdf1 Rxf1+ 18. Rxf1 Rh5 19. Nd5 Qxg5 20. Rf8+ Kd7 21. Bf3 Qxd2+ 22. Kxd2 Rh8 23. Bg4 Bxg4 24. hxg4 Nce7 25. Nf6+ Kc6 26. Ng1 g5 27. Nh3 Kb6 28. Nxg5 h3 29. Nd7+ Ka5 30. Ra8 a6 31. Nxh3 Rxh3 32. Kc3 Nc6 33. Rxg8 Rh2 34. Kb3 Nd4+ 35. Ka3 Nc2+ 36. Kb3 Nd4+ 37. Ka3 c5 38. Rb8 Nc2+ 39. Kb3 Na1+ 40. Ka3 Nc2+ 41. Kb3 Nd4+ 42. Ka3 Rd2 43. Nf6 b5 44. cxb5 axb5 45. Ra8+ Kb6 46. b4 Kb7 47. Rh8 Nc2+ 48. Kb3 Nxb4 49. Rh7+ Kc6 50. a3 Rxd3+ 51. Kb2 Na6 52. Nd5 b4 53. a4 Ra3 54. Ra7 Rxa4 55. Nc7 Ra3 56. Nxa6 Kb6 57. Rd7 Kxa6 58. Rxd6+ Kb5 59. Rd5 Rg3 60. Rxe5 Rxg4 61. Re8 Kc4 62. e5 Rg2+ 63. Kc1 Kc3 64. Kd1 b3 65. e6 b2 66. Rb8 b1=Q+ 67. Rxb1 Rg1+ 68. Ke2 Rxb1 69. e7 Rb8 70. e8=Q Rxe8+ 71. Kf3 Kd4 72. Kf4 Rf8+ 73. Kg5 c4 74. Kg6 c3 75. Kg7 Rf2 76. Kg8 c2 77. Kh7 Rg2 78. Kh8 c1=R 79. Kh7 Rh1# 0-1

[Event "Lueneburg Open-A 2019"]
[Site "Lueneburg"]
[Date "2019.08.10"]
[Round "8.10"]
[White "von Estorff, Jacob"]
[Black "Voigt, Martin"]
[Result "0-1"]
[ECO "B12"]
[WhiteElo "2055"]
[BlackElo "2344"]
[Annotator "NA RC"]
[PlyCount "70"]
[EventDate "2019.08.03"]
[EventType "swiss"]
[EventCountry "GER"]
[SourceTitle "playchess.com"]
[Source "ChessBase"]
[SourceQuality "1"]
[TimeControl "40/5400+30:1800+30"]

1. e4 c6 2. d4 d5 3. e5 c5 4. c3 Nc6 5. Nf3 Bg4 6. Be2 e6 7. O-O Nge7 8. Be3 Nf5 9. Nbd2 Be7 10. h3 Bxf3 11. Nxf3 cxd4 12. cxd4 O-O 13. a3 f6 14. Bb5 Qb6 15. Bxc6 bxc6 16. Qd2 Nxe3 17. Qxe3 c5 18. Rac1 c4 19. Rc2 f5 20. Nd2 a5 21. f4 Rab8 22. Rf2 Rb7 23. Nb1 Rfb8 24. Nc3 Qc6 25. Kh2 Rb3 26. Qc1 h5 27. Qd1 h4 28. Qh5 Qe8 29. Qf3 Qg6 30. Nxd5 Qg3+ 31. Kg1 Rxf3 32. Rxf3 exd5 33. Rxg3 hxg3 34. Kf1 Rb3 35. Ke2 Kf7 0-1

[Event "Lueneburg Open-A 2019"]
[Site "Lueneburg"]
[Date "2019.08.10"]
[Round "8.11"]
[White "Kiesel, Harald"]
[Black "Mueer, Sebastian"]
[Result "1/2-1/2"]
[ECO "B26"]
[WhiteElo "2023"]
[BlackElo "2198"]
[Annotator "NA"]
[PlyCount "187"]
[EventDate "2019.08.03"]
[EventType "swiss"]
[EventCountry "GER"]
[SourceTitle "playchess.com"]
[Source "ChessBase"]
[SourceQuality "1"]
[TimeControl "40/5400+30:1800+30"]

1. e4 c5 2. Nc3 Nc6 3. g3 g6 4. Bg2 Bg7 5. d3 d6 6. Be3 e5 7. Qd2 Nd4 8. Nd1 h5 9. c3 Ne6 10. Nf3 d5 11. exd5 Qxd5 12. O-O Qd8 13. Ng5 Nxg5 14. Bxg5 Ne7 15. Re1 O-O 16. Bh6 Bxh6 17. Qxh6 Nf5 18. Qc1 Re8 19. Qc2 Rb8 20. Ne3 Nd6 21. Re2 Kg7 22. Rae1 f6 23. Qa4 a6 24. h3 b5 25. Qd1 Be6 26. b4 cxb4 27. cxb4 Qd7 28. Kh2 Qf7 29. d4 e4 30. d5 Bd7 31. Qd4 Rbc8 32. a3 Qe7 33. Qb6 f5 34. Nc2 Nc4 35. Qa7 Ra8 36. Qc5 Rac8 37. Qa7 Qd6 38. Qd4+ Qe5 39. Qa7 Rc7 40. Qxa6 Rb8 41. Ne3 Nxe3 42. Rxe3 h4 43. Rd1 Bc8 44. f4 hxg3+ 45. Rxg3 Qf6 46. Qxf6+ Kxf6 47. d6 Rd7 48. Bf1 Rb6 49. Rc3 Bb7 50. Rc7 Ke6 51. a4 Rdxd6 52. Rdc1 bxa4 53. Rg7 Kf6 54. Rcc7 Bd5 55. h4 Bb3 56. h5 gxh5 57. Rh7 Ke6 58. Rc5 Kf6 59. Rcc7 Ke6 60. Rc5 Rbc6 61. Rh6+ Kd7 62. Rxc6 Rxc6 63. Bb5 Bd5 64. Bxa4 e3 65. Kg1 Kc7 66. Bxc6 Bxc6 67. Rxh5 Be4 68. Rh6 Kb7 69. Kf1 Bf3 70. Rh3 e2+ 71. Kf2 Bg4 72. Rh6 Kc7 73. Re6 Kd7 74. Re5 Kc6 75. Ke1 Kb6 76. Kd2 Kc6 77. Kc3 Kb6 78. Kc4 Bf3 79. Re6+ Kc7 80. Re3 Bg4 81. Kc5 Bf3 82. b5 Kb7 83. b6 Kb8 84. Re8+ Kb7 85. Re7+ Kb8 86. Re3 Kb7 87. Re7+ Kb8 88. Re3 Kb7 89. Kb5 Kb8 90. Ka6 Bb7+ 91. Kb5 Bf3 92. Kc5 Kb7 93. Re7+ Kb8 94. Re3 1/2-1/2

[Event "Lueneburg Open-A 2019"]
[Site "Lueneburg"]
[Date "2019.08.10"]
[Round "8.12"]
[White "Comes, Bruno"]
[Black "Blum, Frederik"]
[Result "1/2-1/2"]
[ECO "B74"]
[WhiteElo "2165"]
[BlackElo "2037"]
[Annotator "NA"]
[PlyCount "53"]
[EventDate "2019.08.03"]
[EventType "swiss"]
[EventCountry "GER"]
[SourceTitle "playchess.com"]
[Source "ChessBase"]
[SourceQuality "1"]
[TimeControl "40/5400+30:1800+30"]

1. e4 c5 2. Nf3 d6 3. d4 cxd4 4. Nxd4 Nf6 5. Nc3 g6 6. Be3 Bg7 7. Be2 Nc6 8. O-O O-O 9. Nb3 Na5 10. f4 Bd7 11. h3 Bc6 12. Qd3 Nd7 13. Nd4 Nc5 14. Nxc6 Nxd3 15. Nxd8 Nxb2 16. Nd5 Rfxd8 17. Nxe7+ Kf8 18. Nd5 Nbc4 19. Rad1 Nxe3 20. Nxe3 Rac8 21. Rd5 Nc6 22. Rfd1 Nb4 23. Rxd6 Rxd6 24. Rxd6 Nxc2 25. Nd5 Bd4+ 26. Kh2 Ne3 27. Nxe3 1/2-1/2

[Event "Lueneburg Open-A 2019"]
[Site "Lueneburg"]
[Date "2019.08.10"]
[Round "8.13"]
[White "Grote, Dirk"]
[Black "Ishak, Rashid"]
[Result "0-1"]
[ECO "D36"]
[WhiteElo "2037"]
[BlackElo "2141"]
[Annotator "NA"]
[PlyCount "73"]
[EventDate "2019.08.03"]
[EventType "swiss"]
[EventCountry "GER"]
[SourceTitle "playchess.com"]
[Source "ChessBase"]
[SourceQuality "1"]
[TimeControl "40/5400+30:1800+30"]

1. d4 d5 2. c4 e6 3. Nc3 Nf6 4. cxd5 exd5 5. Bg5 Be7 6. e3 h6 7. Bh4 c6 8. Qc2 O-O 9. Bd3 Nbd7 10. Nge2 Ne8 11. Bg3 Ndf6 12. f3 c5 13. O-O c4 14. Bf5 Nd6 15. Bxc8 Rxc8 16. e4 dxe4 17. fxe4 Ng4 18. Nd5 Bg5 19. Bf4 f5 20. Bxg5 Qxg5 21. exf5 Rce8 22. Nec3 Nxf5 23. Ne4 Qh5 24. h3 Nge3 25. Nxe3 Nxe3 26. Rxf8+ Rxf8 27. Qd2 Nd5 28. Nd6 Nf4 29. Re1 Nxh3+ 30. gxh3 Qg6+ 31. Qg2 Qxd6 32. Re4 b5 33. Rg4 Kh8 34. Qb7 Qf6 35. Qg2 b4 36. d5 Qe5 37. Re4 0-1

[Event "Lueneburg Open-A 2019"]
[Site "Lueneburg"]
[Date "2019.08.10"]
[Round "8.14"]
[White "Wronn, Bernd"]
[Black "Deutschbein, Christopher"]
[Result "1-0"]
[ECO "A39"]
[WhiteElo "2128"]
[BlackElo "2015"]
[Annotator "NA"]
[PlyCount "99"]
[EventDate "2019.08.03"]
[EventType "swiss"]
[EventCountry "GER"]
[SourceTitle "playchess.com"]
[Source "ChessBase"]
[SourceQuality "1"]
[TimeControl "40/5400+30:1800+30"]

1. Nf3 c5 2. c4 Nf6 3. g3 g6 4. Bg2 Bg7 5. O-O O-O 6. d4 cxd4 7. Nxd4 Nc6 8. Nc3 Qb6 9. Nb3 d6 10. Bg5 Be6 11. Nd5 Bxd5 12. cxd5 Na5 13. Nxa5 Qxa5 14. Qb3 h6 15. Bf4 g5 16. Be3 Qa6 17. h3 Rac8 18. f4 gxf4 19. Rxf4 Qxe2 20. Rf2 Qc4 21. Qxb7 Rc7 22. Qb3 Qxb3 23. axb3 Rb8 24. Rxa7 Rxa7 25. Bxa7 Rxb3 26. Re2 Rxg3 27. Rxe7 Kf8 28. Re3 Rxe3 29. Bxe3 Nd7 30. b4 Ke8 31. Kf1 Kd8 32. Ke2 Kc7 33. Kd2 Nb8 34. Kd3 Kb7 35. Bf4 Kc7 36. Kc4 Nd7 37. Kb5 Nb8 38. Bf3 Nd7 39. Bh5 Ne5 40. Be3 Kb7 41. Bd4 f6 42. Be8 Nd3 43. Bc6+ Kc7 44. Bb6+ Kb8 45. Bd7 Kb7 46. Bd4 Bh8 47. Bf5 Nf4 48. Be6 Bg7 49. Kc4 Bh8 50. Be3 1-0

[Event "Lueneburg Open-A 2019"]
[Site "Lueneburg"]
[Date "2019.08.10"]
[Round "8.15"]
[White "Koellner, Christof"]
[Black "Koellner, Aaron Noah"]
[Result "0-1"]
[ECO "D04"]
[WhiteElo "2091"]
[BlackElo "2044"]
[Annotator "NA"]
[PlyCount "126"]
[EventDate "2019.08.03"]
[EventType "swiss"]
[EventCountry "GER"]
[SourceTitle "playchess.com"]
[Source "ChessBase"]
[SourceQuality "1"]
[TimeControl "40/5400+30:1800+30"]

1. d4 d5 2. Nf3 Nf6 3. e3 Bf5 4. Bd3 Bg6 5. Ne5 e6 6. b3 Ne4 7. Bb2 Bb4+ 8. c3 Bd6 9. Nxg6 hxg6 10. Bxe4 dxe4 11. Qc2 f5 12. h3 Qg5 13. g3 Nd7 14. Qe2 O-O-O 15. Nd2 Qh5 16. Nc4 Be7 17. Qxh5 Rxh5 18. Kf1 b5 19. Na5 Nb8 20. a4 b4 21. Rc1 Rd5 22. cxb4 Bxb4 23. Nc4 Nd7 24. Ba3 Bxa3 25. Nxa3 Kb7 26. Kg2 Rh8 27. Rc4 e5 28. Rhc1 Rc8 29. Nb5 c6 30. Nc3 Rd6 31. Rb4+ Ka8 32. Ne2 a5 33. Rbc4 Kb7 34. dxe5 Nxe5 35. Rd4 Rxd4 36. Nxd4 Nd3 37. Rc4 c5 38. Ne6 Kc6 39. g4 Kd5 40. gxf5 gxf5 41. Nd4 Rf8 42. Nb5 g5 43. Nc3+ Kc6 44. Nb5 Ne5 45. Rc2 Rf7 46. Na3 Rb7 47. Rc3 Rd7 48. Nb5 Rd1 49. h4 gxh4 50. Nd4+ Kd5 51. Nxf5 Nf3 52. Kh3 Rh1+ 53. Kg4 Rg1+ 54. Kh3 Rh1+ 55. Kg4 Ne5+ 56. Kf4 Nd3+ 57. Kg5 h3 58. f3 Rg1+ 59. Kf6 h2 60. fxe4+ Kxe4 61. Rc4+ Kf3 62. Nh4+ Kxe3 63. Nf5+ Kd2 0-1

[Event "Lueneburg Open-A 2019"]
[Site "Lueneburg"]
[Date "2019.08.10"]
[Round "8.16"]
[White "Kiesel, Lucas"]
[Black "Garbuszus, Juergen"]
[Result "1/2-1/2"]
[ECO "A88"]
[WhiteElo "1966"]
[BlackElo "2070"]
[Annotator "NA"]
[PlyCount "51"]
[EventDate "2019.08.03"]
[EventType "swiss"]
[EventCountry "GER"]
[SourceTitle "playchess.com"]
[Source "ChessBase"]
[SourceQuality "1"]
[TimeControl "40/5400+30:1800+30"]

1. d4 f5 2. Nf3 Nf6 3. c4 g6 4. Nc3 Bg7 5. g3 O-O 6. Bg2 d6 7. O-O c6 8. Rb1 Ne4 9. Qc2 a5 10. b3 Nxc3 11. Qxc3 Na6 12. Bb2 Nc5 13. Qc2 Ne4 14. Nd2 Nf6 15. d5 cxd5 16. cxd5 Bd7 17. Qd3 Rc8 18. Rbc1 Qb6 19. Nf3 Bb5 20. Qd4 Qa6 21. Qe3 Kh8 22. Ng5 Rce8 23. Ne6 Bxe2 24. Rfe1 Bb5 25. Nc7 f4 26. gxf4 1/2-1/2

[Event "Lueneburg Open-A 2019"]
[Site "Lueneburg"]
[Date "2019.08.10"]
[Round "8.17"]
[White "Reuker, Matthias"]
[Black "Stork, Oliver"]
[Result "0-1"]
[ECO "B15"]
[WhiteElo "2012"]
[BlackElo "2322"]
[Annotator "NA"]
[PlyCount "78"]
[EventDate "2019.08.03"]
[EventType "swiss"]
[EventCountry "GER"]
[SourceTitle "playchess.com"]
[Source "ChessBase"]
[SourceQuality "1"]
[TimeControl "40/5400+30:1800+30"]

1. e4 c6 2. d4 d5 3. Nd2 dxe4 4. Nxe4 Nf6 5. Nxf6+ exf6 6. c3 Bd6 7. Bd3 O-O 8. Ne2 Re8 9. Qc2 h5 10. O-O Qc7 11. h3 Nd7 12. Be3 Nf8 13. c4 g6 14. c5 Be7 15. Nf4 Ne6 16. Bxg6 Nxf4 17. Bxf7+ Kxf7 18. Qh7+ Ke6 19. Qe4+ Kd7 20. Bxf4 Bd6 21. Qf5+ Kd8 22. cxd6 Qf7 23. Qd3 Be6 24. Rfe1 Kd7 25. h4 Bc4 26. Qh3+ Be6 27. Qc3 b6 28. b4 Bd5 29. b5 Qg8 30. Qh3+ Qg4 31. Qxg4+ hxg4 32. bxc6+ Bxc6 33. Red1 Re4 34. g3 Bd5 35. Rdc1 Rxd4 36. Rc7+ Ke6 37. h5 Rh8 38. h6 Rxf4 39. Re7+ Kxd6 0-1

[Event "Lueneburg Open-A 2019"]
[Site "Lueneburg"]
[Date "2019.08.10"]
[Round "8.18"]
[White "Fischer, Thomas"]
[Black "Buchenau, Frank"]
[Result "0-1"]
[ECO "C02"]
[WhiteElo "2106"]
[BlackElo "2294"]
[Annotator "NA"]
[PlyCount "50"]
[EventDate "2019.08.03"]
[EventType "swiss"]
[EventCountry "GER"]
[SourceTitle "playchess.com"]
[Source "ChessBase"]
[SourceQuality "1"]
[TimeControl "40/5400+30:1800+30"]

1. e4 e6 2. d4 d5 3. e5 c5 4. c3 Qb6 5. Nf3 Bd7 6. Bd3 cxd4 7. cxd4 Nc6 8. O-O Nxd4 9. Nxd4 Qxd4 10. Qe2 Ne7 11. Nc3 Nc6 12. Nb5 Qb6 13. a4 a6 14. Be3 Qd8 15. Nd6+ Bxd6 16. exd6 O-O 17. Ra3 e5 18. Rd1 d4 19. Bxh7+ Kxh7 20. Qh5+ Kg8 21. Bh6 g6 22. Rg3 Kh7 23. Qe2 Kxh6 24. Rdd3 Kg7 25. h4 Qxh4 0-1

[Event "Lueneburg Open-A 2019"]
[Site "Lueneburg"]
[Date "2019.08.10"]
[Round "8.19"]
[White "Ramme, Christoph"]
[Black "Wobbe, Sven"]
[Result "1/2-1/2"]
[ECO "B22"]
[WhiteElo "2154"]
[BlackElo "2019"]
[Annotator "NA"]
[PlyCount "73"]
[EventDate "2019.08.03"]
[EventType "swiss"]
[EventCountry "GER"]
[SourceTitle "playchess.com"]
[Source "ChessBase"]
[SourceQuality "1"]
[TimeControl "40/5400+30:1800+30"]

1. e4 c5 2. c3 Nf6 3. e5 Nd5 4. Nf3 e6 5. d4 cxd4 6. cxd4 d6 7. Bc4 Nc6 8. O-O Be7 9. Qe2 O-O 10. Nc3 Nxc3 11. bxc3 b6 12. Bd3 Bb7 13. h4 dxe5 14. dxe5 Qc7 15. Bg5 g6 16. Qe3 Bxg5 17. Qxg5 Ne7 18. Nh2 h6 19. Qxh6 Qxe5 20. Ng4 Qg7 21. Qg5 f5 22. Ne3 Qf6 23. Bc4 Kg7 24. Rad1 Rfd8 25. Rfe1 e5 26. Bb3 e4 27. Qf4 Nc6 28. Bd5 Rd7 29. h5 Qe5 30. Qg5 Qf6 31. Qf4 Ne5 32. hxg6 Kxg6 33. Qg3+ Kh6 34. Qh3+ Kg6 35. Qg3+ Kh6 36. Qh3+ Kg6 37. Bxb7 1/2-1/2

[Event "Lueneburg Open-A 2019"]
[Site "Lueneburg"]
[Date "2019.08.10"]
[Round "8.20"]
[White "Bosselmann, Tom Linus"]
[Black "Haas, Frank-Martin"]
[Result "1/2-1/2"]
[ECO "A08"]
[WhiteElo "2000"]
[BlackElo "2152"]
[Annotator "NA"]
[PlyCount "55"]
[EventDate "2019.08.03"]
[EventType "swiss"]
[EventCountry "GER"]
[SourceTitle "playchess.com"]
[Source "ChessBase"]
[SourceQuality "1"]
[TimeControl "40/5400+30:1800+30"]

1. e4 e6 2. d3 d5 3. Nd2 c5 4. Ngf3 Nc6 5. g3 Nf6 6. Bg2 g6 7. O-O Bg7 8. Re1 O-O 9. Qe2 b6 10. Nf1 e5 11. Bg5 d4 12. Nxe5 Nxe5 13. f4 Qc7 14. fxe5 Qxe5 15. Bf4 Qe6 16. Nd2 Bb7 17. Nf3 h6 18. a4 Nd7 19. h4 Rae8 20. Qf1 Kh7 21. Bh3 Qe7 22. Qf2 Ne5 23. Nxe5 Bxe5 24. b3 Kg7 25. Rf1 Bc8 26. Bxc8 Rxc8 27. Rae1 Rce8 28. Bxe5+ 1/2-1/2

[Event "Lueneburg Open-A 2019"]
[Site "Lueneburg"]
[Date "2019.08.10"]
[Round "8.22"]
[White "Dijkhuis, Oele"]
[Black "Joppien, Arne"]
[Result "1-0"]
[ECO "B10"]
[WhiteElo "2161"]
[BlackElo "1940"]
[Annotator "NA"]
[PlyCount "101"]
[EventDate "2019.08.03"]
[EventType "swiss"]
[EventCountry "GER"]
[SourceTitle "playchess.com"]
[Source "ChessBase"]
[SourceQuality "1"]
[TimeControl "40/5400+30:1800+30"]

1. e4 c6 2. c4 d5 3. exd5 cxd5 4. cxd5 Qxd5 5. Nc3 Qd6 6. d4 a6 7. Nf3 Nf6 8. a3 g6 9. Bc4 Bg7 10. O-O O-O 11. Ne5 Nbd7 12. Bf4 Nh5 13. Nxf7 Qxf4 14. Nd5 Qxf7 15. Nxe7+ Kh8 16. Bxf7 Rxf7 17. Re1 Bf8 18. Nxc8 Rxc8 19. Qb3 Kg7 20. Qxb7 Rb8 21. Qxa6 Rxb2 22. Re2 Rb6 23. Qc4 Nf4 24. Re4 Rbf6 25. a4 Rf5 26. Ra2 Nb6 27. Qb3 Nbd5 28. Re5 Rc7 29. Rc2 Rxc2 30. Qxc2 Rf7 31. Qb3 Rc7 32. Re1 Bb4 33. Rf1 Kf6 34. g3 Ne2+ 35. Kg2 Ke6 36. Qf3 Nec3 37. Re1+ Kd6 38. Qf8+ Kc6 39. Qa8+ Kd6 40. Qa6+ Rc6 41. Re6+ Kxe6 42. Qxc6+ Kf7 43. Qb7+ Kf6 44. Qa6+ Kf5 45. a5 Ke4 46. Qa7 Nb5 47. Qxh7 Kxd4 48. a6 Ne7 49. Qh8+ Kc4 50. Qh4+ Kd5 51. Qxb4 1-0

[Event "Lueneburg Open-A 2019"]
[Site "Lueneburg"]
[Date "2019.08.10"]
[Round "8.23"]
[White "Thanisch, Matthias"]
[Black "Rick, Uwe"]
[Result "1/2-1/2"]
[ECO "D11"]
[WhiteElo "1991"]
[BlackElo "2113"]
[Annotator "NA"]
[PlyCount "55"]
[EventDate "2019.08.03"]
[EventType "swiss"]
[EventCountry "GER"]
[SourceTitle "playchess.com"]
[Source "ChessBase"]
[SourceQuality "1"]
[TimeControl "40/5400+30:1800+30"]

1. d4 d5 2. g3 Nf6 3. Nf3 Bf5 4. Bg2 e6 5. O-O Be7 6. Nbd2 h6 7. c4 c6 8. b3 Nbd7 9. Bb2 O-O 10. Ne5 Bh7 11. Ndf3 Re8 12. Qc1 a5 13. c5 Nxe5 14. Nxe5 Nd7 15. Rd1 Qc7 16. Nd3 Bf6 17. Bh3 Bf5 18. Bg2 e5 19. Nxe5 Nxe5 20. dxe5 Bxe5 21. e3 Be4 22. Bd4 Bxg2 23. Kxg2 Bxd4 24. Rxd4 Re4 25. Qd2 Rxd4 26. exd4 Re8 27. Re1 Re4 28. f3 1/2-1/2

[Event "Lueneburg Open-A 2019"]
[Site "Lueneburg"]
[Date "2019.08.10"]
[Round "8.24"]
[White "Nyenhuis, Yannek"]
[Black "Klages, Hans Juergen"]
[Result "1/2-1/2"]
[ECO "E90"]
[WhiteElo "1927"]
[BlackElo "2095"]
[Annotator "NA"]
[PlyCount "57"]
[EventDate "2019.08.03"]
[EventType "swiss"]
[EventCountry "GER"]
[SourceTitle "playchess.com"]
[Source "ChessBase"]
[SourceQuality "1"]
[TimeControl "40/5400+30:1800+30"]

1. d4 c5 2. d5 Nf6 3. c4 g6 4. Nc3 Bg7 5. e4 d6 6. Nf3 O-O 7. h3 Na6 8. Bd3 Bd7 9. O-O Nc7 10. Bg5 Rb8 11. e5 Nfe8 12. Ne4 f6 13. exf6 Nxf6 14. Nxf6+ Bxf6 15. Bxf6 Rxf6 16. Qe2 e5 17. Nd2 Bf5 18. g4 Bxd3 19. Qxd3 Rf4 20. Ne4 b5 21. b3 bxc4 22. bxc4 Ne8 23. Rab1 Rb6 24. Rxb6 axb6 25. Rb1 Nf6 26. Nxf6+ Qxf6 27. Qe2 Rf3 28. Rb3 Rxb3 29. axb3 1/2-1/2

[Event "Lueneburg Open-A 2019"]
[Site "Lueneburg"]
[Date "2019.08.10"]
[Round "8.25"]
[White "Rothenberg, Jannik"]
[Black "Schulz, Daniel"]
[Result "0-1"]
[ECO "D87"]
[WhiteElo "1859"]
[BlackElo "2071"]
[Annotator "NA"]
[PlyCount "80"]
[EventDate "2019.08.03"]
[EventType "swiss"]
[EventCountry "GER"]
[SourceTitle "playchess.com"]
[Source "ChessBase"]
[SourceQuality "1"]
[TimeControl "40/5400+30:1800+30"]

1. d4 g6 2. c4 Nf6 3. Nc3 d5 4. cxd5 Nxd5 5. e4 Nxc3 6. bxc3 Bg7 7. Bc4 c5 8. Ne2 Nc6 9. Be3 O-O 10. O-O Qc7 11. Qd2 Rd8 12. Bb3 b6 13. Rfd1 Ba6 14. Rac1 Na5 15. Qc2 c4 16. Ba4 b5 17. Rb1 Qd7 18. Rb4 bxa4 19. Qxa4 Qc7 20. Rdb1 Bc8 21. Rb5 Nb7 22. Qb4 Nd6 23. Rc5 Qb6 24. e5 Qxb4 25. Rxb4 Nf5 26. Bg5 h6 27. Bf4 g5 28. Bc1 Be6 29. f4 g4 30. Kf2 Bd5 31. Ba3 e6 32. Rc7 Bf8 33. Ra4 Bxa3 34. Rxa3 a6 35. Ra4 Rdb8 36. Rb4 a5 37. Rxb8+ Rxb8 38. Ra7 Rb2 39. Rxa5 g3+ 40. hxg3 Nxg3 0-1

[Event "Lueneburg Open-A 2019"]
[Site "Lueneburg"]
[Date "2019.08.10"]
[Round "8.26"]
[White "Kosanke, Stefan"]
[Black "Ploder, Udo"]
[Result "1-0"]
[ECO "D02"]
[WhiteElo "2029"]
[BlackElo "1942"]
[Annotator "NA"]
[PlyCount "87"]
[EventDate "2019.08.03"]
[EventType "swiss"]
[EventCountry "GER"]
[SourceTitle "playchess.com"]
[Source "ChessBase"]
[SourceQuality "1"]
[TimeControl "40/5400+30:1800+30"]

1. Nf3 d5 2. d4 c5 3. g3 cxd4 4. Bg2 Nf6 5. O-O g6 6. Nxd4 e5 7. Nb3 Nc6 8. Bg5 d4 9. c3 Be7 10. Bxc6+ bxc6 11. cxd4 e4 12. Nc3 Bf5 13. Nc5 Rb8 14. Bxf6 Bxf6 15. e3 Rxb2 16. Qc1 Rb6 17. N3xe4 Be7 18. f3 Bh3 19. Rd1 Qd5 20. Nf2 Bc8 21. e4 Qh5 22. Rd3 O-O 23. e5 Rb5 24. a4 Rb4 25. Qd2 a5 26. Nce4 Qf5 27. Ng4 Kh8 28. Nef6 g5 29. Rc1 Ba6 30. Re3 Rd8 31. Qa2 Rbxd4 32. Qxf7 Rd1+ 33. Re1 Bc5+ 34. Kg2 Rxe1 35. Rxe1 Rf8 36. Qb3 Bc8 37. Qc4 Bb4 38. Rd1 h5 39. Nf2 Qxe5 40. Nxh5 Bc3 41. Qxc6 Bd4 42. Ne4 Be6 43. Rxd4 Qxd4 44. Qxe6 1-0